 Dungeon Crawl Stone Soup version 0.31-a0-845-g9abc20d24f (webtiles) character file.

Game seed: 12004280913195096674

84 Ethylacetat the Changeling (level 4, 0/29 HPs)
             Began as an Octopode Shapeshifter on Oct 2, 2023.
             Slain by a worm (8 damage)
             ... on level 3 of the Dungeon.
             The game lasted 00:03:06 (2086 turns).

Ethylacetat the Changeling (Octopode Shapeshifter)  Turns: 2086, Time: 00:03:07

Health: 0/29       AC:  1    Str: 13    XL:     4   Next: 45%
Magic:  4/4        EV: 13    Int: 12    God:
Gold:   142        SH:  0    Dex: 13    Spells: 3/3 levels left

rFire   . . .        g - +2 dagger (venom)
rCold   . . .        (no shield)
rNeg    . . .        (helmet currently unavailable)
rPois   .            (no amulet)
rElec   .            (no ring)
rCorr   .            (no ring)
SInv    .            (no ring)
Will    .....        (no ring)
Stlth   +++          (no ring)
HPRegen 0.24/turn    (no ring)
MPRegen 0.09/turn    (no ring)
                     (no ring)

%: no passive effects
@: beast-form
A: beast (slay +2), almost no armour, amphibious, 8 rings, camouflage 1,
gelatinous body 1, (nimble swimmer 1), tentacles
a: Begin Untransformation


You were on level 3 of the Dungeon.
You were a hulking beast.
You visited 1 branch of the dungeon, and saw 3 of its levels.

You collected 142 gold pieces.

Inventory:

Hand Weapons
 g - a +2 dagger of venom (weapon)
Talismans
 b - a beast talisman (active)
 c - a flux talisman
Scrolls
 f - a scroll of enchant armour {unknown}
 h - 4 scrolls of identify {unknown}
 i - a scroll of poison {unknown}
 k - a scroll of teleportation {unknown}
 l - a scroll of amnesia {unknown}
 n - 2 scrolls of revelation {unknown}
 o - a scroll of acquirement {unknown}
 q - a scroll of vulnerability {unknown}
Potions
 d - a potion of curing
 e - a potion of magic {unknown}
 j - 2 potions of mutation {unknown}
 m - a potion of attraction {unknown}
 p - a potion of invisibility {unknown}


   Skills:
 + Level 1.9 Fighting
 + Level 0.9 Short Blades
 + Level 2.5 Dodging
 + Level 1.7 Stealth
 - Level 3.1 Unarmed Combat
 * Level 3.8 Shapeshifting


You had 3 spell levels left.
You didn't know any spells.
Your spell library contained the following spells:

 Spells                   Type           Power      Damage    Failure   Level
 Slow                     Hex            0%         N/A       32%         1
 Sting                    Tmut/Pois      0%         1d3       32%         1
 Poisonous Vapours        Pois/Air       0%         N/A       45%         2
 Confusing Touch          Hex            0%         N/A       69%         3
 Sigil of Binding         Hex            0%         N/A       69%         3
 Vampiric Draining        Necr           0%         2d6       69%         3
 Olgreb's Toxic Radiance  Pois           0%         N/A       97%         4


Dungeon Overview and Level Annotations

Branches:
Dungeon (3/15)

Altars:

Shops:
D:2 :


Innate Abilities, Weirdness & Mutations

You are a hulking beast.
Your limbs bulge with bestial killing power. (Slay +2)
You cannot wear most types of armour.
You are amphibious.
You can wear up to eight rings at the same time.
Your skin changes colour to match your surroundings (Stealth+).
Your rubbery body absorbs attacks. (AC +1, EV +1)
((You are camouflaged when in or above water. (Stealth+)))
You have tentacles for arms and can constrict up to eight enemies at once.


Message History

You closely miss Opifex's ghost.
Opifex's ghost is severely damaged.
Opifex's ghost hits you but does no damage.
You hit Opifex's ghost.
Opifex's ghost is almost destroyed.
Your transformation is almost over.
Opifex's ghost hits you but does no damage.
You hit Opifex's ghost but do no damage.
Opifex's ghost is almost destroyed.
Opifex's ghost hits you but does no damage.
You hit Opifex's ghost.
Opifex's ghost is almost destroyed.
Opifex's ghost says, "Do you think the gods will protect you?"
Opifex's ghost hits you but does no damage.
You hit Opifex's ghost but do no damage.
Opifex's ghost is almost destroyed.
Opifex's ghost hits you but does no damage.
You closely miss Opifex's ghost.
Opifex's ghost is almost destroyed.
Opifex's ghost hits you but does no damage.
You hit Opifex's ghost.
Opifex's ghost is almost destroyed.
Opifex's ghost hits you but does no damage.
You closely miss Opifex's ghost.
Opifex's ghost is almost destroyed.
Opifex's ghost hits you but does no damage.
You hit Opifex's ghost but do no damage.
Opifex's ghost is almost destroyed.
Opifex's ghost hits you.
You hit Opifex's ghost.
You destroy Opifex's ghost!
You hit the worm.
The worm is lightly wounded.
The adder bites you but does no damage.
You closely miss the adder.
You feel less wooden.
You turn into a hulking beast.
The adder bites you.
* * * LOW HITPOINT WARNING * * *
The worm bites you!
You die...

#...........#.##......#...
#.......?........######...
#.....).....)......<......
#...................#.#.##
#..........###......#.....
...............####)......
...........########.......
.#........................
########hS.####.........#
##w##..'.........#
#rS~####.....#...# #~~~#
#.....#...# #~~~#
#.....#...# #~~~# #.....#
+## #~$~# #.....# #~~~#
#######


You could see a worm, an adder, a ball python and a rat.

Vanquished Creatures
  The ghost of Opifex the Trooper, a weakling AtMo (D:3)
  2 adders (D:2)
  A dart slug (D:1)
  4 endoplasms
  3 giant cockroaches
  3 hobgoblins
  2 jackals (D:1)
  3 quokkas
  5 ball pythons
  2 bats
  3 frilled lizards
  9 goblins
  6 kobolds
  4 rats
48 creatures vanquished.

Notes
Turn   | Place    | Note
-------+----------+-------------------------------------------
     0 | D:1      | Ethylacetat the Octopode Shapeshifter began the quest for
                  | the Orb.
     0 | D:1      | Reached XP level 1. HP: 13/13 MP: 1/1
   176 | D:1      | Reached XP level 2. HP: 17/18 MP: 2/2
   707 | D:1      | Reached XP level 3. HP: 23/23 MP: 3/3
   971 | D:2      | Found Yrimagau's Book Shop.
  1033 | D:2      | Reached skill level 1 in Stealth
  1791 | D:2      | Reached XP level 4. HP: 29/29 MP: 4/4
  1796 | D:2      | You fall into a shaft and drop 1 floor!
  2026 | D:3      | Found a runed translucent door.
  2027 | D:3      | Noticed Opifex's ghost (weakling AtMo)
  2084 | D:3      | Killed Opifex's ghost
  2086 | D:3      | Slain by a worm

Illustrated notes

Levels and vault maps discovered:
D:1:      amcnicky_arrival_blooded_trapdoor, layout_basic
D:2:      layout_loops_corners, serial_shops, nicolae_shop_tiny_waterfront,
          minmay_tetromino_s4
D:3:      layout_basic, trog_three_pillars_becter, ebering_ghost_sewer_f

Skill      XL: |  1  2  3 |
---------------+----------+-----
Stealth        | 1 |  1.7
Fighting       | |  1.9
Short Blades   | |  0.9
Dodging        | |  2.5
Unarmed Combat | |  3.1
Shapeshifting  | |  3.8

Action                     |  1- 3 |  4- 6 || total
---------------------------+-------+-------++-------
  Melee: Unarmed           |    26 |       ||    26
         Constrict         |    14 |     5 ||    19
         Tentacles         |     9 |     2 ||    11
         Punch             |     1 |       ||     1
         Dagger            |    37 |    57 ||    94
    Use: Potion            |       |     2 ||     2
   Stab: Sleeping          |    10 |     2 ||    12
 Armour: Skin              |    23 |    49 ||    72
  Dodge: Dodged            |    28 |    14 ||    42

Table legend: (Time is in decaauts)
 A = Elapsed time spent in this place.
 B = Non-inter-level travel time spent in this place.
 C = Inter-level travel time spent in this place.
 D = Time resting spent in this place.
 E = Time spent auto-exploring this place.
 F = Levels seen in this place.
 G = Mean time per level.
                   A        B        C        D        E       F      G
               +--------+--------+--------+--------+--------+-----+--------+
         Total |   2081 |   1988 |     93 |      0 |   1658 |   3 |  693.7 |
       Dungeon |   2081 |   1988 |     93 |      0 |   1658 |   3 |  693.7 |
               +--------+--------+--------+--------+--------+-----+--------+

Top non-repeatable levels by time:
     D:1: 966 daAuts
     D:2: 935 daAuts
     D:3: 180 daAuts
